 Dungeon Crawl Stone Soup version 0.32-a0-660-g97ce250973 (webtiles) character file.

Game seed: 14213407791642281783

5805 GeoRichter the Skirmisher (level 10, -6/70 HPs)
             Began as a Coglin Warper on Mar 9, 2024.
             Was an Elder of Okawaru.
             Mangled by a centaur warrior (7 damage)
             ... on level 9 of the Dungeon.
             The game lasted 00:12:37 (7193 turns).

GeoRichter the Skirmisher (Coglin Warper)           Turns: 7193, Time: 00:12:38

Health: -6/70      AC: 10    Str: 12    XL:     10   Next: 79%
Magic:  12/12      EV: 12    Int: 15    God:    Okawaru [****..]
Gold:   708        SH:  0    Dex: 17    Spells: 12/12 levels left

rFire   + . .        b - +8 sling of Tartarus {freeze, rF+ Int+2 Stlth+}
rCold   . . .        t - +0 sling (heavy) {Yejun}
rNeg    . . .        F - +0 steam dragon scales
rPois   .            y - +2 helmet
rElec   .            (no cloak)
rCorr   .            o - +0 pair of gloves
SInv    .            (no boots)
Will    +....        (amulet unavailable)
Stlth   +++          (ring unavailable)
HPRegen 0.31/turn    (ring unavailable)
MPRegen 0.13/turn    (no gizmo)

%: no passive effects
@: enlightened, flying, revving
A: off-hand wielding, slow wielding, warmup strikes, no jewellery
a: Invent Gizmo, Renounce Religion, Heroism, Finesse


You were on level 9 of the Dungeon.
You worshipped Okawaru.
Okawaru was greatly pleased with you.
You visited 2 branches of the dungeon, and saw 10 of its levels.

You collected 708 gold pieces.

Inventory:

Hand Weapons
 b - the +8 sling of Tartarus (weapon) {freeze, rF+ Int+2 Stlth+}
   (You found it on level 2 of the Dungeon)

   Int+2:     It affects your intelligence (+2).
   rF+:       It protects you from fire.
   Stlth+:    It makes you more stealthy.
 k - a +2 dagger of venom {Yongsun}
   (You took it off a kobold on level 1 of the Dungeon)
 p - a +1 vampiric dagger {!w, Ari}
   (You took it off a kobold on level 1 of the Dungeon)
 t - a +0 heavy sling (offhand) {Yejun}
   (You found it on level 3 of the Dungeon)
Missiles
 d - 7 darts of dispersal {!f}
 H - a curare-tipped dart {!f}
Armour
 o - a +0 pair of gloves (worn)
   (You found it on level 1 of the Dungeon)
 y - a +2 helmet (worn)
   (You took it off Robin on level 4 of the Dungeon)
 B - a +0 ring mail of poison resistance
   (You found it on level 6 of the Dungeon)
 F - +0 steam dragon scales (worn)
   (You found it on level 6 of the Dungeon)
 J - +0 acid dragon scales
   (You found it on level 9 of the Dungeon)
Wands
 r - a wand of light (7)
   (You found it on level 3 of the Dungeon)
 s - a wand of roots (6)
   (You found it on level 6 of the Dungeon)
 A - a wand of digging (1)
   (You found it on level 4 of the Dungeon)
 D - a wand of paralysis (8)
   (You found it on level 5 of the Dungeon)
Scrolls
 c - 3 scrolls of blinking
 i - 6 scrolls of identify {unknown}
 j - a scroll of poison {unknown}
 l - 4 scrolls of immolation {unknown}
 v - 2 scrolls of fog {unknown}
 w - 2 scrolls of noise {unknown}
 x - a scroll of enchant armour {unknown}
 C - a scroll of teleportation {unknown}
 G - 2 scrolls of enchant weapon {unknown}
 I - a scroll of amnesia {unknown}
Potions
 a - 2 potions of degeneration {unknown}
 e - 3 potions of haste {unknown}
 f - 2 potions of lignification {unknown}
 g - 5 potions of mutation {unknown}
 h - a potion of berserk rage {unknown}
 m - 2 potions of curing {unknown}
 n - a potion of attraction {unknown}
 q - 2 potions of enlightenment
 u - a potion of might {unknown}
 z - a potion of invisibility {unknown}
 E - a potion of brilliance {unknown}


   Skills:
 - Level 3.0 Fighting
 - Level 3.6 Long Blades
 * Level 12.3 Ranged Weapons
 - Level 0.8 Throwing
 + Level 3.5 Armour
 - Level 1.7 Dodging
 - Level 1.7 Spellcasting
 - Level 3.0 Translocations
 + Level 3.0 Invocations
 - Level 6.0 Evocations


You had 12 spell levels left.
You didn't know any spells.
Your spell library contained the following spells:

 Spells                   Type           Power      Damage    Failure   Level
 Blink                    Tloc           20%        N/A       10%         2
 Lesser Beckoning         Tloc           20%        N/A       10%         2
 Teleport Other           Tloc           10%        N/A       21%         3
 Manifold Assault         Tloc           10%        N/A       54%         4
 Inner Flame              Hex/Fire       1%         N/A       56%         3
 Vhi's Electric Charge    Tloc/Air       10%        N/A       77%         4
 Irradiate                Conj/Alch      0%         3d11      99%         5
 Ignition                 Fire           0%         3d3       100%        8


Dungeon Overview and Level Annotations

Branches:
Dungeon (9/15) Zot: 26593  Temple (1/1) D:5 Zot: 5941    Lair (0/5) D:8
    Orc: D:9-12

Altars:
Ashenzari
Cheibriados
Elyvilon
Fedhas
Gozag
Hepliaklqana
Kikubaaqudgha
Makhleb
Nemelex Xobeh
Okawaru
Qazlal
Ru
Sif Muna
Trog
Uskayaw
Vehumet
Wu Jian
Xom
Yredelemnul
Zin
The Shining One

Annotations:
D:9 1 runed translucent door


Innate Abilities, Weirdness & Mutations

You can wield a second weapon in your off-hand.
It takes a long time for you to wield or remove held weapons.
Your first few attacks do less damage.
You cannot equip rings or amulets.


Message History

Your Invocations skill increases to level 3!
Your attacks no longer feel as feeble.
Things that are here:
a +0 whip; a +0 leather armour; a gnoll corpse
Found a plate armour.
You see here a +0 plate armour.
You open the door.
Found 13 gold pieces.
There is an open door here.
You now have 695 gold pieces (gained 13).
You open the door.
Found 13 gold pieces.
There is an open door here.
You now have 708 gold pieces (gained 13).
You open the door.
A centaur warrior comes into view.
The centaur warrior wields a +0 shortbow.
The centaur warrior shoots an arrow.
The arrow hits you!
A centaur warrior is nearby!
A centaur warrior is nearby!
You shoot a sling bullet.
The sling bullet closely misses the centaur warrior.
You shoot a sling bullet.
The sling bullet hits the centaur warrior but does no damage.
The centaur warrior shoots an arrow.
The arrow hits you.
The centaur warrior shoots an arrow.
The arrow hits you!
The centaur warrior shoots an arrow.
The arrow hits you!!
* * * LOW HITPOINT WARNING * * *
There is an open door, spattered with blood here.
The centaur warrior unwields a +0 shortbow.
The centaur warrior hits you!
* * * LOW HITPOINT WARNING * * *
The centaur warrior kicks you but does no damage.
The centaur warrior hits you!
* * * LOW HITPOINT WARNING * * *
The centaur warrior barely misses you.
Fire: b) +8 sling of Tartarus {freeze, rF+ Int+2 Stlth+}
Press: ? - help, Q - select action, (/) - cycle Shift-Dir - straight line, f/p - centaur warrior
Aim: a centaur warrior (77% to hit)
You shoot a sling bullet.
The sling bullet hits the centaur warrior but does no damage.
You shoot a sling bullet.
The sling bullet closely misses the centaur warrior.
The centaur warrior hits you!
* * * LOW HITPOINT WARNING * * *
The centaur warrior kicks you but does no damage.
It was a potion of enlightenment.
You feel very buoyant.
You fly up into the air.
The centaur warrior hits you!
You die...

#......# #..._.#
#.....#######
##..........## ##
#......###...##
###.
#.............#
##...
##.##########.#
#..## ##.#.c#..#
#.# #.## #..#.@+s.+
#.# #.# .
##.##'#### #.# #.#
_..####.#..# #.#
#.# ♣.....†#..#
#.## #.#
...###..##'#
#..###.# ##.#..#
#...#).# #)#..#
#.....)#
#.#'########......#
.
#................##


You could see a wolf spider (asleep) and a centaur warrior.

Vanquished Creatures
  Pikel (D:7)
  Grinder (D:4)
  4 yaks
  3 steam dragons
  An acid dragon (D:9)
  4 water moccasins
  An ice beast (D:6)
  4 black bears (D:8)
  3 orc warriors (D:8)
  A sky beast (D:8)
  4 ogres
  A centaur (D:7)
  2 phantoms
  3 lemures (D:7)
  2 kobold brigands
  2 bullfrogs
  8 scorpions
  8 wights (D:8)
  4 killer bees (D:9)
  An electric eel (D:7)
  A howler monkey (D:5)
  A bombardier beetle (D:6)
  5 hounds
  A jelly (D:5)
  2 gnoll boudas
  An orc priest (D:6)
  9 orc wizards
  An iguana (D:5)
  Robin (D:4)
  7 gnolls
  8 adders
  2 shadow imps
  A white imp (D:7)
  2 ufetubi (D:5)
  2 dart slugs
  26 orcs
  5 endoplasms
  6 giant cockroaches
  18 goblins
  11 hobgoblins
  10 jackals
  3 kobolds
  3 quokkas
  9 ball pythons
  4 bats
  9 frilled lizards
  3 rats (D:1)
209 creatures vanquished.

Notes
Turn   | Place    | Note
-------+----------+-------------------------------------------
     0 | D:1      | GeoRichter the Coglin Warper began the quest for the Orb.
     0 | D:1      | Reached XP level 1. HP: 16/16 MP: 3/3
    99 | D:1      | Reached XP level 2. HP: 21/22 MP: 4/4
   478 | D:1      | Reached XP level 3. HP: 25/28 MP: 5/5
   938 | D:2      | Found a faded altar of an unknown god.
  1084 | D:2      | Reached XP level 4. HP: 30/34 MP: 6/6
  1360 | D:2      | Identified the +8 sling of Tartarus {freeze, rF+ Int+2
                  | Stlth+}
  1606 | D:3      | Found a shimmering blue altar of Sif Muna.
  1810 | D:3      | Reached skill level 1 in Ranged Weapons
  2350 | D:4      | Reached skill level 2 in Ranged Weapons
  2350 | D:4      | Reached XP level 5. HP: 37/41 MP: 7/7
  2376 | D:4      | Reached skill level 3 in Ranged Weapons
  2421 | D:4      | Reached skill level 4 in Ranged Weapons
  2421 | D:4      | Reached XP level 6. HP: 47/47 MP: 8/8
  2611 | D:4      | Noticed Grinder
  2620 | D:4      | Killed Grinder
  2621 | D:4      | Reached skill level 5 in Ranged Weapons
  2621 | D:4      | Reached XP level 7. HP: 50/52 MP: 9/9
  2636 | D:4      | Reached skill level 6 in Ranged Weapons
  2690 | D:4      | Noticed Robin
  2699 | D:4      | Killed Robin
  2935 | D:4      | Found an opulent altar of Gozag.
  3224 | D:4      | Found an ornate altar of the Wu Jian Council.
  3317 | D:4      | Found a glowing silver altar of Zin.
  3376 | D:5      | Entered Level 5 of the Dungeon
  3381 | D:5      | Reached skill level 7 in Ranged Weapons
  3381 | D:5      | Reached XP level 8. HP: 58/58 MP: 10/10
  3397 | D:5      | Found a basalt altar of Yredelemnul.
  3514 | D:5      | Identified the +1 robe "Yseegeo" {^Contam rPois rF+}
  3595 | D:5      | Reached skill level 8 in Ranged Weapons
  3685 | D:5      | Found a staircase to the Ecumenical Temple.
  3699 | Temple   | Entered the Ecumenical Temple
  3730 | Temple   | Became a worshipper of Warmaster Okawaru
  3816 | D:5      | Found a radiant altar of Vehumet.
  4038 | D:5      | Found a sparkling altar of Nemelex Xobeh.
  4263 | D:6      | Reached skill level 9 in Ranged Weapons
  4266 | D:6      | Reached XP level 9. HP: 35/63 MP: 11/11
  4385 | D:6      | Reached skill level 1 in Evocations
  4796 | D:6      | Reached skill level 10 in Ranged Weapons
  4798 | D:6      | Found a hazy altar of Hepliaklqana.
  4803 | D:6      | Reached * piety under Okawaru
  5234 | D:7      | Noticed Pikel
  5241 | D:7      | Killed Pikel
  5241 | D:7      | Reached ** piety under Okawaru
  5242 | D:7      | Reached skill level 5 in Evocations
  5504 | D:7      | Reached skill level 11 in Ranged Weapons
  5816 | D:8      | Found a hide-covered altar of Uskayaw.
  5942 | D:8      | Found a sacrificial altar of Ru.
  5949 | D:8      | Reached XP level 10. HP: 70/70 MP: 12/12
  5975 | D:8      | Reached skill level 1 in Armour
  6035 | D:8      | Reached skill level 1 in Invocations
  6127 | D:8      | Reached *** piety under Okawaru
  6226 | D:8      | Found a staircase to the Lair.
  6312 | D:8      | Reached skill level 12 in Ranged Weapons
  7024 | D:9      | Found a shimmering altar of Xom.
  7032 | D:9      | Reached **** piety under Okawaru
  7061 | D:9      | Found a snail-covered altar of Cheibriados.
  7187 | D:9      | Found a runed translucent door.
  7187 | D:9      | Noticed a centaur warrior
  7189 | D:9      | Noticed a wolf spider
  7192 | D:9      | HP: 1/70 [centaur warrior (11)]
  7193 | D:9      | Mangled by a centaur warrior

Illustrated notes

Levels and vault maps discovered:
D:1:      dpeg_arrival_simpleton_b, layout_loops_ring, minmay_misc_feat_columns
D:2:      layout_basic, hellmonk_ecumenical_altar_slurped_away,
          serial_park_tiny_1
D:3:      layout_basic, mainiacjoe_overflow_alcove_2, kennysheep_small_spiral,
          minmay_statues_item, kennysheep_generic_room_10
D:4:      kennysheep_goblin_castle, layout_loops_ring,
          pdpol_temple_overflow_zin_treasury_gozag_greed,
          mainiacjoe_overflow_chevrons, uniq_grinder
D:5:      layout_rooms, marbit_many_paths, kennysheep_little_box,
          mainiacjoe_overflow_alcove_4, minmay_temple_entry_antechambers,
          serial_bayou_crossing
D:6:      layout_gridville, mainiacjoe_overflow_catwalk
D:7:      layout_basic, serial_bayou, serial_bayou_pond_e,
          serial_bayou_lagoon_a, serial_bayou_pond_a, serial_bayou_pond_a,
          chequers_serial_rivers_small_a, uniq_pikel
D:8:      layout_loops_ring, old_standard_altar,
          mainiacjoe_overflow_cross_hatched, due_lair_maze_entry_diamond
D:9:      layout_layer_cave, cheibriados_altar_1,
          mainiacjoe_overflow_concentric_impassable, hangedman_feature_mirror,
          minivault_13, uniq_joseph
Temple:   grunt_temple_mini_profane

Skill      XL: |  1  2  3  4  5  6  7  8  9 10 |
---------------+-------------------------------+-----
Long Blades    | 3 |  3.6
Fighting       | 3 |  3.0
Ranged Weapons | 2 4 5 7 9 11 12 | 12.3
Evocations     | 6 |  6.0
Armour         | 3 |  3.5
Invocations    | 3 |  3.0
Throwing       | |  0.8
Dodging        | |  1.7
Spellcasting   | |  1.7
Translocations | |  3.0

Action                     |  1- 3 |  4- 6 |  7- 9 | 10-12 || total
---------------------------+-------+-------+-------+-------++-------
  Melee: Falchion          |    42 |       |       |       ||    42
         Dagger            |    95 |    11 |       |       ||   106
   Fire: Sling             |       |   118 |   446 |   268 ||   832
  Throw: Dart              |     2 |       |       |       ||     2
 Invoke: Heroism           |       |       |       |     1 ||     1
  Evoke: Wand              |       |       |     1 |       ||     1
    Use: Potion            |       |       |       |     1 ||     1
   Stab: Sleeping          |     3 |       |       |       ||     3
 Armour: Leather armour    |    45 |    13 |    30 |       ||    88
         Steam dragon scal |       |       |    17 |    43 ||    60
  Dodge: Dodged            |    50 |    18 |    26 |    21 ||   115

Table legend: (Time is in decaauts)
 A = Elapsed time spent in this place.
 B = Non-inter-level travel time spent in this place.
 C = Inter-level travel time spent in this place.
 D = Time resting spent in this place.
 E = Time spent auto-exploring this place.
 F = Levels seen in this place.
 G = Mean time per level.
                   A        B        C        D        E       F      G
               +--------+--------+--------+--------+--------+-----+--------+
         Total |   7292 |   6855 |    437 |      9 |   5525 |  10 |  729.2 |
       Dungeon |   7234 |   6853 |    381 |      9 |   5525 |   9 |  803.8 |
        Temple |     58 |      2 |     56 |      0 |      0 |   1 |   58.0 |
               +--------+--------+--------+--------+--------+-----+--------+

Top non-repeatable levels by time:
     D:4: 1111 daAuts
     D:8: 974 daAuts
     D:6: 876 daAuts
     D:7: 873 daAuts
     D:1: 840 daAuts
     D:3: 758 daAuts
     D:2: 718 daAuts
     D:5: 675 daAuts
     D:9: 405 daAuts
  Temple: 58 daAuts
